 Dungeon Crawl Stone Soup version 0.28-a0-261-gc0b50483a2 (webtiles) character file.

Game seed: 12101760483534008364

663 PentaManta the Grappler (level 7, -1/57 HPs)
             Began as a Ghoul Monk on Aug 27, 2021.
             Slain by an ogre (14 damage)
             ... on level 4 of the Dungeon.
             The game lasted 00:06:55 (5062 turns).

PentaManta the Grappler (Ghoul Monk)                Turns: 5062, Time: 00:06:56

Health: -1/57      AC:  8    Str: 17    XL:     7   Next: 56%
Magic:  6/6        EV: 11    Int:  5    God:
Gold:   179        SH:  0    Dex: 11    Spells: 6/6 levels left

rFire   + . .      SeeInvis .     - Unarmed
rCold   + . .      Faith    .   (no shield)
rNeg    + + +      Spirit   .   m - +2 ring mail {rF+}
rPois   ∞          Reflect  .   l - +0 helmet
rElec   .          Harm     .   (no cloak)
rCorr   .          Rampage  .   (no gloves)
Will    .....                   (no boots)
Stlth   +.........              (no amulet)
HPRegen 0.00/turn               (no ring)
MPRegen 0.10/turn               (no ring)

@: inhibited regen
A: claws 1, cold resistance 1, negative energy resistance 3, inhibited
regeneration, torment resistance 2
a: no special abilities


You were on level 4 of the Dungeon.
You visited 1 branch of the dungeon, and saw 5 of its levels.

You collected 179 gold pieces.

Inventory:

Missiles
 e - 8 boomerangs (quivered)
 n - 19 poisoned darts
Armour
 d - a +0 chain mail
 i - a +0 buckler
 l - a +0 helmet (worn)
 m - a +2 ring mail of fire resistance (worn)
Scrolls
 a - 2 scrolls of teleportation {unknown}
 c - 4 scrolls of identify {unknown}
 h - a scroll of magic mapping {unknown}
 j - 2 scrolls of fog {unknown}
 k - 2 scrolls of holy word {unknown}
Potions
 b - a potion of brilliance {unknown}
 f - 3 potions of curing {unknown}
 g - a potion of attraction {unknown}
 o - a potion of haste
 p - a potion of lignification {unknown}


   Skills:
 - Level 3.2 Fighting
 - Level 2.6 Dodging
 - Level 2.1 Stealth
 + Level 9.4 Unarmed Combat


You had 6 spell levels left.
You didn't know any spells.
Your spell library contained the following spells:

 Spells                   Type           Power      Damage    Failure   Level
 Sandblast                Erth           0%         2d4       69%         1
 Passwall                 Tmut/Erth      0%         N/A       83%         2
 Lee's Rapid Deconstruct  Erth           0%         3d5*      100%        5


Dungeon Overview and Level Annotations

Branches:
Dungeon (5/15)
 Temple: D:4-7

Altars:
Ru

Shops:
D:2 =   D:4 [


Innate Abilities, Weirdness & Mutations

You thrive by killing the living.
You are immune to poison.
You have sharp fingernails.
Your flesh is cold resistant. (rC+)
You are immune to negative energy. (rN+++)
You do not regenerate when monsters are visible.
You are immune to unholy pain and torment.


Message History

* * * LOW HITPOINT WARNING * * *
You climb upwards.
There is a stone staircase leading down here.
The adder bites you but does no damage. The ogre closely misses you.
There is an open door here.
The adder closely misses you. The adder bites you.
* * * LOW HITPOINT WARNING * * *
The adder misses you. The adder bites you but does no damage.
The adder bites you but does no damage. The adder bites you but does no damage.
There is an open door here.
There is a stone staircase leading down here.
The adder bites you.
* * * LOW HITPOINT WARNING * * *
The adder closely misses you.
You climb downwards.
There is a stone staircase leading up here.
You claw the adder!
You kill the adder!
You feel better.
Things that are here:
a +0 giant club; an ogre corpse
There is a stone staircase leading up here.
You start resting.
HP restored.
You climb upwards.
The ogre hits you with a +0 giant spiked club!
There is a stone staircase leading down here.
You scratch the ogre.
The ogre is lightly wounded.
The ogre hits you with a +0 giant spiked club!!
* * * LOW HITPOINT WARNING * * *
You claw the ogre!
The ogre is severely wounded.
You completely miss the ogre.
The ogre is severely wounded.
The ogre hits you with a +0 giant spiked club!
You die...

.........#.#######††..#
.#######.#.#.....#....#
†#.....#.#.#...#.####.#
.#.###.#.#.#####.# #.# ###
.#.#.#.#.#.......# #.# ##..
.#.#.#.#.#O##########.# ##...
...#.>.#.#.# #....##.# ##....
########.#.####.O..##.# ##.....
.........#....'.@...#.# ##....≈.
###############.....#.# #....≈≈.
###############.....#'####.......
#................................
#.###########.....##......#....).
..# #..'.............#§..... ###
#.##.....##.......§≈....
#.##.....########.≈.....
#.################......


You could see an ogre.

Vanquished Creatures
  3 ogres
  A hound (D:3)
  A jelly (D:4)
  2 iguanas
  An orc priest (D:3)
  Jessica (D:2)
  2 orc wizards
  Robin (D:2)
  4 gnolls
  5 adders
  2 worms (D:4)
  A dart slug (D:5)
  12 orcs
  5 bats
  7 endoplasms
  4 giant cockroaches
  11 goblins
  11 hobgoblins
  3 jackals (D:4)
  3 quokkas
  4 ball pythons
  3 frilled lizards
  5 kobolds
  8 rats
100 creatures vanquished.

Vanquished Creatures (others)
  2 plants (D:2)
2 creatures vanquished.

Grand Total: 102 creatures vanquished

Notes
Turn   | Place    | Note
-------+----------+-------------------------------------------
     0 | D:1      | PentaManta the Ghoul Monk began the quest for the Orb.
     0 | D:1      | Reached XP level 1. HP: 19/19 MP: 0/0
   238 | D:1      | Found a faded altar of an unknown god.
   292 | D:1      | Reached XP level 2. HP: 26/26 MP: 1/1
   297 | D:1      | Reached skill level 4 in Unarmed Combat
   729 | D:1      | Reached XP level 3. HP: 31/31 MP: 2/2
   974 | D:2      | Found Podemuun's Jewellery Shoppe.
  1208 | D:2      | Reached skill level 5 in Unarmed Combat
  1402 | D:2      | Noticed Robin
  1421 | D:2      | Killed Robin
  1422 | D:2      | Reached XP level 4. HP: 15/38 MP: 3/3
  1808 | D:2      | Noticed Jessica
  1815 | D:2      | Killed Jessica
  2311 | D:3      | Reached skill level 6 in Unarmed Combat
  2311 | D:3      | Reached XP level 5. HP: 28/45 MP: 4/4
  2850 | D:3      | Reached skill level 7 in Unarmed Combat
  3225 | D:4      | Reached XP level 6. HP: 27/51 MP: 5/5
  3415 | D:4      | Found a sacrificial altar of Ru.
  3457 | D:5      | Entered Level 5 of the Dungeon
  4132 | D:4      | Found Jon Esine's Antique Armour Emporium.
  4212 | D:4      | Reached skill level 8 in Unarmed Combat
  4253 | D:4      | Reached XP level 7. HP: 35/57 MP: 6/6
  4706 | D:5      | Reached skill level 9 in Unarmed Combat
  5062 | D:4      | Slain by an ogre

Illustrated notes

Levels and vault maps discovered:
D:1:      scummos_arrival_star, layout_basic,
          shapermc_ecumenical_altar_mp_highgroup, grunt_decor_one_mirror
D:2:      layout_rooms, serial_forest, infiniplex_forest_lined_3_way,
          infiniplex_forest_end_1, infiniplex_forest_diagonal,
          infiniplex_forest_end_3, infiniplex_forest_straight_2,
          infiniplex_forest_lined_corner, infiniplex_forest_clump_long,
          infiniplex_forest_lined_room_, infiniplex_forest_diagonal,
          serial_shops, shop, wad_floor_pattern_untrapped, uniq_jessica,
          uniq_robin
D:3:      layout_basic
D:4:      layout_basic, mainiacjoe_overflow_cross_hatched, serial_shops,
          nicolae_shop_stone, kennysheep_decorative_pillar, minmay_between
D:5:      layout_cave_pools, serial_park, serial_park_tiny_pond,
          serial_park_tiny_2, serial_park_tiny_pond, serial_park_gazebo
          [serial_park_minivault_5x5_5], minmay_misc_feat_x

Skill      XL: |  1  2  3  4  5  6  7 |
---------------+----------------------+-----
Unarmed Combat | 4 5 6 7 8 9 |  9.4
Fighting       | |  3.2
Dodging        | |  2.6
Stealth        | |  2.1

Action                   |  1- 3 |  4- 6 |  7- 9 || total
-------------------------+-------+-------+-------++-------
Melee: Unarmed           |   115 |   186 |    30 ||   331
       Punch             |     2 |     3 |     2 ||     7
Throw: Boomerang         |     2 |       |       ||     2
 Stab: Sleeping          |     6 |       |       ||     6
Armor: Robe              |     7 |       |       ||     7
       Ring mail         |    13 |    59 |     7 ||    79
       Leather armour    |     1 |       |       ||     1
Dodge: Dodged            |    67 |   100 |    29 ||   196

Table legend: (Time is in decaauts)
 A = Elapsed time spent in this place.
 B = Non-inter-level travel time spent in this place.
 C = Inter-level travel time spent in this place.
 D = Time resting spent in this place.
 E = Time spent auto-exploring this place.
 F = Levels seen in this place.
 G = Mean time per level.
                   A        B        C        D        E       F      G
               +--------+--------+--------+--------+--------+-----+--------+
         Total |   5030 |   4840 |    190 |   1022 |   2918 |   5 | 1006.0 |
       Dungeon |   5030 |   4840 |    190 |   1022 |   2918 |   5 | 1006.0 |
               +--------+--------+--------+--------+--------+-----+--------+

Top non-repeatable levels by time:
     D:3: 1410 daAuts
     D:4: 1181 daAuts
     D:2: 1047 daAuts
     D:1: 969 daAuts
     D:5: 421 daAuts
